 Dungeon Crawl Stone Soup version 0.29.0-15-g675c0067aa (webtiles) character file.

Game seed: 7656435439676113781

119616 qw the Warrior (level 16, -37/238 HPs)
             Began as a Minotaur Berserker on Sept 13, 2022.
             Was an Elder of Trog.
             Annihilated by a naga warrior
             ... wielding a +0 flail
              (47 damage)
             ... on level 1 of the Snake Pit.
             The game lasted 00:15:49 (35841 turns).

qw the Warrior (Minotaur Berserker)                Turns: 35841, Time: 00:15:49

Health: -37/238    AC: 28    Str: 28    XL:     16   Next: 28%
Magic:  15/15      EV: 15    Int:  4    God:    Trog [****..]
Gold:   420        SH: 20    Dex: 19    Spells: 15/15 levels left

rFire   + . .      SeeInvis +   j - +5 war axe (chaos)
rCold   . . .      Faith    .   q - +0 kite shield
rNeg    . . .      Spirit   .   t - +6 chain mail of the Gate {rF+}
rPois   +          Reflect  +   (helmet restricted)
rElec   +          Harm     .   h - +2 cloak
rCorr   .          Rampage  .   s - +0 pair of gloves "Kenidd" {rElec}
Will    +....                   y - +2 pair of boots
Stlth   ..........              d - amulet of reflection
HPRegen 0.49/turn               g - ring of poison resistance
MPRegen 0.14/turn               l - ring "Niusebe" {Drain *Slow rElec Dex+7 SInv}

@: berserking (expiring), slowed
A: horns 2, retaliatory headbutt
a: Renounce Religion, Berserk, Trog's Hand, Brothers in Arms


You were on level 1 of the Snake Pit.
You worshipped Trog.
Trog was greatly pleased with you.
You visited 4 branches of the dungeon, and saw 23 of its levels.
You visited the Abyss 1 time.

You collected 2835 gold pieces.
You spent 2415 gold pieces at shops.


Innate Abilities, Weirdness & Mutations

You have a pair of horns on your head.
You reflexively headbutt those who attack you in melee.


   Skills:
 + Level 18.6 Fighting
 - Level 16.2 Axes
 - Level 4.0 Throwing
 - Level 15.1 Armour
 - Level 12.0 Dodging
 - Level 16.5 Shields


You had 15 spell levels left.
You didn't know any spells.
Your spell library was empty.

Inventory:

Hand Weapons
 j - a +5 war axe of chaos (weapon)
 k - a +1 morningstar
Missiles
 w - 5 boomerangs (quivered)
Armour
 h - a +2 cloak (worn)
 m - a +1 pair of gloves
 q - a +0 kite shield (worn)
 s - the +0 pair of gloves "Kenidd" (worn) {rElec}
   (You found it on level 11 of the Dungeon)

   rElec:     It insulates you from electricity.
 t - the +6 chain mail of the Gate (worn) {rF+}
   (You found it on level 1 of the Lair of Beasts)

   rF:        It protects you from fire.
 y - a +2 pair of boots (worn)
 A - a +3 plate armour of poison resistance
Jewellery
 d - an amulet of reflection (around neck)
 g - a ring of poison resistance (left hand)
 l - the ring "Niusebe" (right hand) {Drain *Slow rElec Dex+7 SInv}
   (You took it off a centaur on level 15 of the Dungeon)

   [ring of see invisible]

   Dex:       It affects your dexterity (+7).
   rElec:     It insulates you from electricity.
   SInv:      It lets you see invisible.
   Drain:     It drains your maximum health when unequipped.
   *Slow:     It may slow you when you take damage.
 r - a ring of positive energy
 u - a ring of fire
 Y - a ring of see invisible
Wands
 v - a wand of digging (11)
Scrolls
 b - 18 scrolls of identify
 f - 4 scrolls of teleportation
Potions
 a - 2 potions of mutation
 c - 18 potions of curing
 e - 6 potions of heal wounds
 i - 5 potions of haste
 o - 3 potions of resistance
 p - a potion of might

Dungeon Overview and Level Annotations

Branches:
Dungeon (15/15)            Temple (0/1) D:5            Lair (5/5) D:11
  Swamp (0/4) Lair:3        Snake (1/4) Lair:2        Slime (0/5) Lair:4
    Orc (2/2) D:10            Elf (0/3) Orc:2        Vaults (0/5) D:13
 Depths (0/4) D:15

Altars:
Makhleb
Qazlal
Sif Muna
Trog
Vehumet
Xom
Jiyva

Shops:
D:4 !   D:5 (   D:8 *   D:12 [   Orc:1 !   Orc:2 !*[[([

Portals:
Abyss: D:14

Annotations:
D:6 3 runed translucent doors, qw's ghost, novice GrBe
D:10 3 runed translucent doors, rrobere's ghost, journeyman TrBe
D:12 3 runed translucent doors, Jidiusir's ghost, novice GrBe
D:14 2 transporters, Wopp's ghost, journeyman GrEE
D:15 2 transporters, Ruudiov's ghost, journeyman DsGl
Lair:1 3 runed translucent doors, qw's ghost, journeyman MiBe
Snake:1 1 runed translucent door, 1 transporter, qw's ghost, adept GrFi


Message History

The naga warrior no longer looks unusually strong.
You block the naga warrior's attack. The naga warrior grabs you.
The naga warrior constricts you.
You slash the naga warrior!
The naga warrior resists with almost no effort.
You headbutt the naga warrior!
The naga warrior is severely wounded.
The salamander hits you from afar with a +2 trident.
You are engulfed in flames.
You resist.
You completely miss the naga warrior. You headbutt the naga warrior!
The naga warrior is almost dead.
You block the naga warrior's attack. The naga warrior constricts you.
You block the salamander's attack.
You hit the naga warrior.
The naga warrior is almost dead.
A naga mage comes into view. It is wielding a +0 whip.
The naga warrior hits you with a +0 halberd!!
The naga warrior constricts you. You block the salamander's attack.
You slice the naga warrior!!
You kill the naga warrior!
Trog accepts your kill.
The naga warrior seems less confused.
The naga mage points at the naga warrior and mumbles some strange words.
The naga warrior seems to grow toxic.
You block the salamander's attack.
The naga warrior roars a battlecry!
The naga mage goes into a battle-frenzy!
You slash the naga warrior! You freeze the naga warrior.
The naga warrior is heavily wounded.
You completely miss the salamander. You block the salamander's attack.
The naga warrior hits you with a +0 flail!!
You block the naga warrior's attack.
You completely miss the naga warrior.
The naga warrior is heavily wounded.
You slash the salamander!
Lightning courses through the salamander!
The salamander hits you but does no damage.
The naga warrior hits you with a +0 flail!!!
You die...

#..# #### #..## #.>##
#...#### #...### #...#.#
##.....#
##.....####.......
#.......#.....7~.~ .
###.)...........7.~~
....#...............7~~7
..N....@........^)777~~.
......N.N.......777 77~~
.............#...~7 .~.
...........####..~.~ ~.~
.......(..## ##.777 ~~.
.#######..# 77 ~~~ #..#
77~ ... 7P~ 7.~7


You could see a naga warrior (strong, curare), a salamander (strong) and a naga
mage (strong).

Vanquished Creatures
  A frost giant (D:15)
  An orc warlord (Orc:1)
  5 slime creatures
  Nessos (D:14)
  5 dire elephants (Lair:5)
  Snorg (Orc:1)
  5 hydras
  7 boulder beetles
  6 centaur warriors
  3 two-headed ogres
  8 tengu warriors
  7 death yaks
  6 naga warriors (Snake:1)
  4 shock serpents (Snake:1)
  A naga sharpshooter (Snake:1)
  3 orc high priests (Orc:2)
  Nergalle (Lair:2)
  A spectral death yak (Lair:5)
  A spectral anaconda (Lair:5)
  9 sea snakes (Snake:1)
  An obsidian statue (Lair:5)
  A naga ritualist (Snake:1)
  2 lindwurms (Lair:5)
  3 necromancers (Lair:5)
  3 orc sorcerers
  2 mana vipers (Snake:1)
  A deep elf pyromancer (D:12)
  4 orc knights
  9 ugly things
  3 cyclopes
  4 manticores
  An oklob plant (Lair:3)
  21 elephants
  A worldbinder (Abyss:1)
  2 salamanders (Snake:1)
  A dire elephant zombie (Lair:5)
  2 guardian serpents (Snake:1)
  10 black mambas
  2 naga magi (Snake:1)
  A smoke demon (Abyss:1)
  2 torpor snails
  A dire elephant skeleton (Lair:5)
  4 unseen horrors
  Psyche (D:8)
  6 cane toads
  An unseen horror (shapeshifter) (Orc:2)
  A freezing wraith (D:15)
  Maggie (D:9)
  A yaktaur (D:13)
  9 komodo dragons
  An efreet (D:14)
  2 ice devils (D:13)
  A hornet (D:8)
  Prince Ribbit (Lair:1)
  8 trolls
  3 raiju (Abyss:1)
  2 polar bears
  10 dream sheep
  19 blink frogs
  2 spectral elephants (Lair:5)
  2 vampires (D:13)
  2 large abominations (Abyss:1)
  A shadow (D:11)
  2 spriggans (Lair:4)
  51 yaks
  7 wraiths
  A wyvern (Lair:2)
  A human (shapeshifter) (D:15)
  A fire elemental (Abyss:1)
  3 basilisks
  2 wargs
  6 steam dragons
  3 death yak simulacra (Lair:5)
  Menkaure (D:6)
  An acid dragon (D:11)
  12 water moccasins
  12 nagas
  6 ice beasts
  4 sky beasts
  6 black bears
  6 ogres
  A small abomination (Abyss:1)
  30 orc warriors
  13 centaurs
  2 elephant zombies (Lair:5)
  23 wolves
  4 boggarts (Lair:5)
  2 phantoms (D:5)
  3 elephant skeletons (Lair:5)
  A kobold brigand (D:9)
  16 bullfrogs
  A necrophage (D:6)
  4 scorpions
  22 wights
  2 elephant simulacra (Lair:5)
  13 killer bees
  A vampire bat (Lair:4)
  4 howler monkeys
  11 electric eels
  A crimson imp (Abyss:1)
  A hound (D:5)
  2 iron imps (Abyss:1)
  31 orc priests
  7 jellies
  3 iguanas
  33 orc wizards
  11 adders
  10 gnolls
  4 white imps
  72 orcs
  11 endoplasms
  8 giant cockroaches
  9 goblins
  9 hobgoblins
  8 jackals
  12 kobolds
  A quokka (D:4)
  3 training dummies (D:5)
  5 ball pythons
  16 bats
  4 rats
770 creatures vanquished.

Vanquished Creatures (collateral kills)
  2 orc high priests (Orc:2)
  An orc sorcerer (Orc:2)
  An orc knight (Orc:1)
  A troll (Orc:1)
  A warg (Orc:1)
  4 orc warriors
  An ogre (Orc:1)
  A gnoll sergeant (Orc:1)
  2 orc priests (Orc:1)
  An orc wizard (Orc:2)
  A gnoll (Orc:1)
  3 orcs
19 creatures vanquished.

Vanquished Creatures (others)
  A water elemental (D:14)
  An electric eel (D:14)
  An orc priest (D:3)
  An orc wizard (Orc:2)
  An orc (Orc:1)
  40 fungi
  144 plants
  22 withered plants (Lair:5)
211 creatures vanquished.

Grand Total: 1000 creatures vanquished

Notes
Turn   | Place    | Note
-------+----------+-------------------------------------------
     0 | D:1      | qw the Minotaur Berserker began the quest for the Orb.
     0 | D:1      | Reached XP level 1. HP: 19/19 MP: 0/0
     0 | D:1      | 0 ||| qw: Version: 0.1-a-119-g272c26d
     0 | D:1      | 0 ||| qw: Game counter: 11059
     0 | D:1      | 0 ||| qw: Always use a shield: true
     0 | D:1      | 0 ||| qw: Do Orc after D:15 true
     0 | D:1      | 0 ||| qw: Do second Lair branch before Depths: true
     0 | D:1      | 0 ||| qw: Lair rune preference: random
     0 | D:1      | 0 ||| qw: Plans: Normal
     0 | D:1      | 0 ||| PLANNING D:1-11
   132 | D:1      | Found a faded altar of an unknown god.
   251 | D:1      | Reached XP level 2. HP: 15/26 MP: 1/1
   796 | D:1      | 796 ||| Stepping ~*~*~tactically~*~*~ (stealth).
   798 | D:1      | 798 ||| Stepping ~*~*~tactically~*~*~ (stealth).
  1317 | D:1      | 1317 ||| UPGRADING to +0 ring mail.
  1327 | D:1      | 1327 ||| DROPPING +0 animal skin.
  1328 | D:1      | 1328 ||| READING scroll labelled NACKEO QOEMETT.
  1328 | D:1      | Identified a scroll of acquirement
  1328 | D:1      | 1328 ||| ACQUIRING +3 warlock's mirror {reflect}
  1328 | D:1      | Acquired the +3 warlock's mirror {reflect}
  1328 | D:1      | Found the +3 warlock's mirror {reflect}
  1330 | D:1      | 1330 ||| UPGRADING to +3 warlock's mirror {reflect}.
  1335 | D:1      | 1335 ||| READING scroll labelled HOPNER WYSTRULIE.
  1336 | D:1      | 1336 ||| READING 2 scrolls labelled INLOHAUDOAF.
  1339 | D:1      | 1339 ||| READING scroll labelled IDIVECA YVEERGH.
  1340 | D:1      | 1340 ||| DRINKING 2 fuming blue potions.
  1428 | D:2      | Reached skill level 1 in Shields
  1428 | D:2      | Reached XP level 3. HP: 31/31 MP: 2/2
  1624 | D:2      | 1624 ||| INVOKING Berserk.
  1825 | D:2      | Reached ** piety under Trog
  2082 | D:2      | Reached XP level 4. HP: 39/39 MP: 3/3
  2139 | D:2      | 2139 ||| UPGRADING to amulet of reflection.
  2144 | D:2      | 2144 ||| READING 2 scrolls labelled TALUFRI AMEULA.
  2145 | D:2      | 2145 ||| READING scroll of enchant weapon.
  2145 | D:2      | 2145 ||| ENCHANTING +1 hand axe.
  2146 | D:2      | 2146 ||| READING scroll labelled PUKEH VEIJE.
  2147 | D:2      | 2147 ||| DRINKING 3 dark potions.
  2148 | D:2      | 2148 ||| DRINKING 2 fizzy inky potions.
  2149 | D:2      | 2149 ||| DROPPING potion of invisibility.
  2253 | D:3      | 2253 ||| FLEEEEING.
  2254 | D:3      | 2254 ||| FLEEEEING.
  2257 | D:3      | 2257 ||| FLEEEEING.
  2258 | D:3      | 2258 ||| FLEEEEING.
  2259 | D:3      | 2259 ||| FLEEEEING.
  2260 | D:3      | 2260 ||| FLEEEEING.
  2261 | D:3      | 2261 ||| FLEEEEING.
  2262 | D:3      | 2262 ||| FLEEEEING.
  2263 | D:3      | 2263 ||| FLEEEEING.
  2264 | D:3      | 2264 ||| FLEEEEING.
  2265 | D:3      | 2265 ||| FLEEEEING.
  2266 | D:3      | 2266 ||| FLEEEEING.
  2267 | D:3      | 2267 ||| Stepping ~*~*~tactically~*~*~ (hiding).
  2270 | D:3      | 2270 ||| Stepping ~*~*~tactically~*~*~ (hiding).
  2271 | D:3      | 2271 ||| Stepping ~*~*~tactically~*~*~ (hiding).
  2275 | D:3      | 2275 ||| INVOKING Berserk.
  2277 | D:3      | Reached skill level 1 in Throwing
  2279 | D:3      | Reached skill level 6 in Axes
  2624 | D:3      | 2624 ||| Stepping ~*~*~tactically~*~*~ (stealth).
  2628 | D:3      | 2628 ||| Stepping ~*~*~tactically~*~*~ (stealth).
  2633 | D:3      | 2633 ||| Stepping ~*~*~tactically~*~*~ (stealth).
  2634 | D:3      | 2634 ||| Stepping ~*~*~tactically~*~*~ (stealth).
  2640 | D:3      | Found a stormy altar of Qazlal.
  2786 | D:3      | 2786 ||| Stepping ~*~*~tactically~*~*~ (stealth).
  2791 | D:3      | 2791 ||| INVOKING Berserk.
  2793 | D:3      | Reached XP level 5. HP: 45/45 MP: 4/4
  2904 | D:3      | 2904 ||| DROPPING +0 whip.
  3080 | D:3      | 3080 ||| Stepping ~*~*~tactically~*~*~ (stealth).
  3229 | D:3      | 3229 ||| UPGRADING to +0 scale mail.
  3239 | D:3      | 3239 ||| UPGRADING to +0 cloak.
  3244 | D:3      | 3244 ||| DROPPING +0 ring mail.
  3245 | D:3      | 3245 ||| UPGRADING to +0 chain mail.
  3255 | D:3      | 3255 ||| DROPPING +0 scale mail.
  3256 | D:3      | 3256 ||| READING 5 scrolls of identify.
  3256 | D:3      | 3256 ||| IDENTIFYING coppery potion
  3257 | D:3      | 3257 ||| READING 4 scrolls of identify.
  3257 | D:3      | 3257 ||| IDENTIFYING sapphire potion
  3258 | D:3      | 3258 ||| DROPPING potion of brilliance.
  3288 | D:4      | 3288 ||| STAIRDANCE
  3295 | D:4      | 3295 ||| STAIRDANCE
  3463 | D:4      | Found Gehoud's Distillery.
  3488 | D:4      | 3488 ||| BUYING potion of curing (30 gold).
  3488 | D:4      | Bought a potion of curing for 30 gold pieces
  3488 | D:4      | 3488 ||| BUYING potion of curing (30 gold).
  3488 | D:4      | Bought a potion of curing for 30 gold pieces
  3488 | D:4      | 3488 ||| BUYING potion of haste (100 gold).
  3488 | D:4      | Bought a potion of haste for 100 gold pieces
  3488 | D:4      | 3488 ||| SHOPLISTING potion of might (40 gold, have 10).
  3492 | D:4      | 3492 ||| READING scroll of acquirement.
  3492 | D:4      | 3492 ||| ACQUIRING 449 gold pieces
  3492 | D:4      | Acquired 449 gold pieces
  3532 | D:4      | Noticed a black bear
  3537 | D:4      | 3537 ||| INVOKING Berserk.
  3545 | D:4      | Killed a black bear
  3546 | D:4      | Reached XP level 6. HP: 51/51 MP: 5/5
  3910 | D:4      | 3910 ||| READING 4 scrolls of identify.
  3910 | D:4      | 3910 ||| IDENTIFYING fuming green potion
  3911 | D:4      | 3911 ||| DROPPING potion of flight.
  3917 | D:5      | Entered Level 5 of the Dungeon
  3920 | D:5      | 3920 ||| STAIRDANCE
  3933 | D:5      | Reached skill level 4 in Fighting
  3933 | D:5      | 3933 ||| STAIRDANCE
  4071 | D:5      | Noticed an ice beast
  4078 | D:5      | 4078 ||| INVOKING Berserk.
  4082 | D:5      | Killed an ice beast
  4241 | D:5      | Noticed an ice beast
  4242 | D:5      | 4242 ||| INVOKING Berserk.
  4245 | D:5      | Killed an ice beast
  4246 | D:5      | Reached XP level 7. HP: 59/59 MP: 6/6
  4378 | D:5      | 4378 ||| Stepping ~*~*~tactically~*~*~ (hiding).
  4380 | D:5      | 4380 ||| Stepping ~*~*~tactically~*~*~ (hiding).
  4388 | D:5      | Reached skill level 9 in Axes
  4510 | D:5      | 4510 ||| INVOKING Berserk.
  4513 | D:5      | Reached skill level 3 in Armour
  4718 | D:5      | 4718 ||| Stepping ~*~*~tactically~*~*~ (hiding).
  4798 | D:5      | 4798 ||| Stepping ~*~*~tactically~*~*~ (stealth).
  4858 | D:5      | Reached skill level 3 in Shields
  4953 | D:5      | Found a staircase to the Ecumenical Temple.
  4985 | D:5      | Reached skill level 5 in Fighting
  5002 | D:5      | 5002 ||| INVOKING Berserk.
  5114 | D:5      | 5114 ||| Stepping ~*~*~tactically~*~*~ (hiding).
  5116 | D:5      | 5116 ||| INVOKING Berserk.
  5125 | D:5      | 5125 ||| DRINKING 7 potions of curing.
  5125 | D:5      | 5125 ||| (to cure confusion)
  5270 | D:5      | Reached XP level 8. HP: 66/68 MP: 7/7
  5424 | D:5      | Found a burning altar of Makhleb.
  5502 | D:5      | 5502 ||| INVOKING Berserk.
  5675 | D:5      | Found Fac Fopn's Firing Range.
  5787 | D:5      | 5787 ||| READING 5 scrolls of identify.
  5787 | D:5      | 5787 ||| IDENTIFYING sedimented cyan potion
  5788 | D:5      | 5788 ||| DROPPING potion of attraction.
  5811 | D:6      | 5811 ||| INVOKING Berserk.
  5812 | D:6      | 5812 ||| STAIRDANCE
  5892 | D:6      | 5892 ||| STAIRDANCE
  5967 | D:6      | 5967 ||| INVOKING Berserk.
  5969 | D:6      | Reached skill level 6 in Fighting
  5973 | D:6      | 5973 ||| STAIRDANCE
  6283 | D:6      | Reached *** piety under Trog
  6289 | D:6      | 6289 ||| FLEEEEING.
  6291 | D:6      | 6291 ||| FLEEEEING.
  6367 | D:6      | 6367 ||| INVOKING Berserk.
  6637 | D:6      | 6637 ||| DROPPING +0 flail.
  6640 | D:6      | 6640 ||| DROPPING +2 flail.
  6645 | D:6      | 6645 ||| Stepping ~*~*~tactically~*~*~ (stealth).
  6659 | D:6      | 6659 ||| Stepping ~*~*~tactically~*~*~ (hiding).
  6726 | D:6      | Reached skill level 12 in Axes
  6726 | D:6      | Reached XP level 9. HP: 75/75 MP: 8/8
  6735 | D:6      | 6735 ||| INVOKING Berserk.
  6873 | D:6      | Reached skill level 7 in Fighting
  6909 | D:6      | Noticed Menkaure
  6910 | D:6      | 6910 ||| FLEEEEING.
  6911 | D:6      | 6911 ||| FLEEEEING.
  6913 | D:6      | 6913 ||| STAIRDANCE
  7075 | D:5      | 7075 ||| UPGRADING to ring of poison resistance.
  7080 | D:6      | 7080 ||| INVOKING Berserk.
  7082 | D:6      | Killed Menkaure
  7087 | D:6      | 7087 ||| STAIRDANCE
  7344 | D:6      | 7344 ||| INVOKING Berserk.
  7515 | D:6      | 7515 ||| INVOKING Berserk.
  7639 | D:6      | Found a runed translucent gate.
  7639 | D:6      | Found a runed translucent gate.
  7639 | D:6      | Found a runed translucent gate.
  7639 | D:6      | Noticed a spectral unseen horror
  7641 | D:6      | Noticed a spectral unseen horror
  7856 | D:6      | Noticed qw's ghost (novice GrBe)
  7911 | D:6      | 7911 ||| UPGRADING to ring of see invisible.
  8037 | D:7      | 8037 ||| Stepping ~*~*~tactically~*~*~ (hiding).
  8046 | D:7      | 8046 ||| Stepping ~*~*~tactically~*~*~ (hiding).
  8049 | D:7      | 8049 ||| INVOKING Berserk.
  8419 | D:7      | 8419 ||| INVOKING Berserk.
  8625 | D:7      | Reached skill level 8 in Fighting
  8697 | D:7      | 8697 ||| Stepping ~*~*~tactically~*~*~ (stealth).
  8701 | D:7      | 8701 ||| Stepping ~*~*~tactically~*~*~ (hiding).
  8704 | D:7      | 8704 ||| INVOKING Berserk.
  8712 | D:7      | 8712 ||| Stepping ~*~*~tactically~*~*~ (cloud).
  8958 | D:7      | 8958 ||| Stepping ~*~*~tactically~*~*~ (hiding).
  9171 | D:7      | 9171 ||| INVOKING Berserk.
  9222 | D:7      | 9222 ||| FLEEEEING.
  9223 | D:7      | 9223 ||| FLEEEEING.
  9224 | D:7      | 9224 ||| FLEEEEING.
  9225 | D:7      | 9225 ||| FLEEEEING.
  9226 | D:7      | 9226 ||| FLEEEEING.
  9227 | D:7      | 9227 ||| FLEEEEING.
  9228 | D:7      | 9228 ||| FLEEEEING.
  9229 | D:7      | 9229 ||| FLEEEEING.
  9230 | D:7      | 9230 ||| FLEEEEING.
  9231 | D:7      | 9231 ||| FLEEEEING.
  9232 | D:7      | 9232 ||| FLEEEEING.
  9233 | D:7      | 9233 ||| FLEEEEING.
  9234 | D:7      | 9234 ||| FLEEEEING.
  9235 | D:7      | 9235 ||| FLEEEEING.
  9236 | D:7      | 9236 ||| FLEEEEING.
  9237 | D:7      | 9237 ||| FLEEEEING.
  9238 | D:7      | 9238 ||| FLEEEEING.
  9239 | D:7      | 9239 ||| FLEEEEING.
  9240 | D:7      | 9240 ||| FLEEEEING.
  9241 | D:7      | 9241 ||| FLEEEEING.
  9242 | D:7      | 9242 ||| FLEEEEING.
  9243 | D:7      | 9243 ||| FLEEEEING.
  9244 | D:7      | 9244 ||| FLEEEEING.
  9245 | D:7      | 9245 ||| FLEEEEING.
  9246 | D:7      | 9246 ||| FLEEEEING.
  9247 | D:7      | 9247 ||| FLEEEEING.
  9248 | D:7      | 9248 ||| FLEEEEING.
  9249 | D:7      | 9249 ||| FLEEEEING.
  9250 | D:7      | 9250 ||| FLEEEEING.
  9251 | D:7      | 9251 ||| FLEEEEING.
  9252 | D:7      | 9252 ||| FLEEEEING.
  9253 | D:7      | 9253 ||| FLEEEEING.
  9254 | D:7      | 9254 ||| FLEEEEING.
  9255 | D:7      | 9255 ||| FLEEEEING.
  9256 | D:7      | 9256 ||| FLEEEEING.
  9257 | D:7      | 9257 ||| FLEEEEING.
  9258 | D:7      | 9258 ||| FLEEEEING.
  9259 | D:7      | 9259 ||| FLEEEEING.
  9260 | D:7      | 9260 ||| FLEEEEING.
  9261 | D:7      | 9261 ||| FLEEEEING.
  9262 | D:7      | 9262 ||| FLEEEEING.
  9263 | D:7      | 9263 ||| STAIRDANCE
  9372 | D:6      | 9372 ||| READING scroll labelled SYPAEC SERI.
  9373 | D:6      | 9373 ||| READING 6 scrolls of identify.
  9373 | D:6      | 9373 ||| IDENTIFYING fuming clear potion
  9433 | D:7      | 9433 ||| Stepping ~*~*~tactically~*~*~ (stealth).
  9524 | D:8      | 9524 ||| Stepping ~*~*~tactically~*~*~ (stealth).
  9543 | D:8      | Reached XP level 10. HP: 43/88 MP: 9/9
  9543 | D:8      | 9543 ||| INVOKING Berserk.
  9770 | D:8      | Noticed Psyche
  9773 | D:8      | 9773 ||| INVOKING Berserk.
  9777 | Abyss:1  | Cast into level 1 of the Abyss (Psyche)
  9826 | Abyss:1  | 9826 ||| Stepping ~*~*~tactically~*~*~ (stealth).
  9840 | Abyss:1  | 9840 ||| Stepping ~*~*~tactically~*~*~ (stealth).
  9841 | Abyss:1  | 9841 ||| Stepping ~*~*~tactically~*~*~ (stealth).
  9843 | Abyss:1  | 9843 ||| Stepping ~*~*~tactically~*~*~ (stealth).
  9844 | Abyss:1  | 9844 ||| Stepping ~*~*~tactically~*~*~ (stealth).
  9851 | Abyss:1  | Noticed a worldbinder
  9852 | Abyss:1  | 9852 ||| Stepping ~*~*~tactically~*~*~ (stealth).
  9858 | Abyss:1  | Noticed a skeletal warrior
  9858 | Abyss:1  | Noticed a skeletal warrior
  9860 | Abyss:1  | 9860 ||| INVOKING Berserk.
  9870 | Abyss:1  | Killed a worldbinder
  9871 | Abyss:1  | Reached skill level 3 in Dodging
  9886 | Abyss:1  | 9886 ||| Stepping ~*~*~tactically~*~*~ (stealth).
  9890 | Abyss:1  | 9890 ||| Stepping ~*~*~tactically~*~*~ (stealth).
  9891 | Abyss:1  | 9891 ||| Stepping ~*~*~tactically~*~*~ (stealth).
  9893 | Abyss:1  | 9893 ||| Stepping ~*~*~tactically~*~*~ (stealth).
  9909 | Abyss:1  | HP: 20/88 [large abomination (18)]
  9910 | Abyss:1  | 9910 ||| READING 4 scrolls of teleportation.
  9911 | Abyss:1  | 9911 ||| DRINKING 3 potions of heal wounds.
  9916 | Abyss:1  | 9916 ||| INVOKING Trog's Hand.
 10118 | Abyss:1  | 10118 ||| INVOKING Berserk.
 10122 | Abyss:1  | Reached skill level 9 in Fighting
 10131 | Abyss:1  | Reached skill level 6 in Armour
 10136 | Abyss:1  | 10136 ||| INVOKING Trog's Hand.
 10144 | Abyss:1  | 10144 ||| INVOKING Trog's Hand.
 10149 | Abyss:1  | 10149 ||| INVOKING Trog's Hand.
 10279 | Abyss:1  | Noticed a large abomination
 10290 | Abyss:1  | Killed a large abomination
 10290 | Abyss:1  | Noticed a smoke demon
 10291 | Abyss:1  | Reached skill level 6 in Shields
 10291 | Abyss:1  | 10291 ||| Stepping ~*~*~tactically~*~*~ (stealth).
 10293 | Abyss:1  | 10293 ||| Stepping ~*~*~tactically~*~*~ (hiding).
 10308 | Abyss:1  | Killed a smoke demon
 10309 | Abyss:1  | 10309 ||| INVOKING Trog's Hand.
 10311 | D:8      | Escaped the Abyss
 10312 | D:8      | 10312 ||| INVOKING Berserk.
 10313 | D:8      | Killed Psyche
 10314 | D:8      | Reached skill level 10 in Fighting
 10449 | D:8      | 10449 ||| Stepping ~*~*~tactically~*~*~ (hiding).
 10501 | D:8      | 10501 ||| DROPPING +5 flail of freezing.
 10504 | D:8      | 10504 ||| Stepping ~*~*~tactically~*~*~ (stealth).
 10509 | D:8      | 10509 ||| Stepping ~*~*~tactically~*~*~ (stealth).
 10688 | D:8      | 10688 ||| INVOKING Berserk.
 10690 | D:8      | HP: 35/141 [poisoned by a hornet]
 10695 | D:8      | HP: 21/94 [poisoned by a hornet]
 10997 | D:8      | Found Pownuecy's Elemental Accessories.
 11177 | D:8      | 11177 ||| DRINKING 7 potions of curing.
 11177 | D:8      | 11177 ||| (to cure confusion)
 11349 | D:8      | 11349 ||| READING scroll labelled TULO FYPIDEEZISI.
 11350 | D:8      | 11350 ||| READING 2 scrolls labelled ELAUFACKE.
 11351 | D:8      | 11351 ||| READING scroll labelled YTAUSS BYRAO.
 11352 | D:8      | 11352 ||| DROPPING scroll of blinking.
 11414 | D:9      | 11414 ||| Stepping ~*~*~tactically~*~*~ (hiding).
 11415 | D:9      | 11415 ||| Stepping ~*~*~tactically~*~*~ (hiding).
 11418 | D:9      | 11418 ||| Stepping ~*~*~tactically~*~*~ (hiding).
 11529 | D:9      | 11529 ||| INVOKING Berserk.
 11689 | D:9      | Noticed Maggie
 11702 | D:9      | Killed Maggie
 11703 | D:9      | Reached XP level 11. HP: 89/101 MP: 10/10
 11770 | D:9      | Reached skill level 11 in Fighting
 11770 | D:9      | 11770 ||| Stepping ~*~*~tactically~*~*~ (hiding).
 11771 | D:9      | 11771 ||| Stepping ~*~*~tactically~*~*~ (hiding).
 11937 | D:9      | 11937 ||| SWAPPING to +2 war axe of freezing.
 11938 | D:9      | 11938 ||| DROPPING +2 hand axe of protection.
 11967 | D:9      | Found a radiant altar of Vehumet.
 12253 | D:9      | Reached **** piety under Trog
 12281 | D:9      | 12281 ||| Stepping ~*~*~tactically~*~*~ (stealth).
 12282 | D:9      | 12282 ||| Stepping ~*~*~tactically~*~*~ (stealth).
 12297 | D:9      | 12297 ||| INVOKING Berserk.
 12312 | D:9      | 12312 ||| Stepping ~*~*~tactically~*~*~ (cloud).
 12313 | D:9      | 12313 ||| Stepping ~*~*~tactically~*~*~ (hiding).
 12314 | D:9      | 12314 ||| Stepping ~*~*~tactically~*~*~ (hiding).
 12315 | D:9      | 12315 ||| Stepping ~*~*~tactically~*~*~ (hiding).
 12317 | D:9      | 12317 ||| Stepping ~*~*~tactically~*~*~ (hiding).
 12381 | D:9      | Identified the +10 whip of Mutilation {venom, rPois rC+}
 12585 | D:9      | Found a shimmering blue altar of Sif Muna.
 12740 | D:9      | 12740 ||| UPGRADING to +0 plate armour.
 12750 | D:9      | 12750 ||| DROPPING +0 chain mail.
 12751 | D:9      | 12751 ||| READING scroll labelled KIAN REEPS.
 12752 | D:9      | 12752 ||| READING scroll labelled TIAJIF JERY.
 12753 | D:9      | 12753 ||| READING 8 scrolls of identify.
 12753 | D:9      | 12753 ||| IDENTIFYING bubbling emerald potion
 12754 | D:9      | 12754 ||| DROPPING potion of magic.
 12765 | D:10     | Entered Level 10 of the Dungeon
 12790 | D:10     | Found a runed translucent gate.
 12790 | D:10     | Found a runed translucent gate.
 12791 | D:10     | Found a runed translucent gate.
 12794 | D:10     | Noticed rrobere's ghost (journeyman TrBe)
 12801 | D:10     | Found a viscous altar of Jiyva.
 12968 | D:10     | You fall into a shaft and drop 3 floors!
 12975 | D:13     | 12975 ||| INVOKING Berserk.
 12990 | D:13     | Reached skill level 15 in Axes
 13097 | D:13     | 13097 ||| UPGRADING to +0 pair of boots.
 13102 | D:13     | 13102 ||| READING 8 scrolls of identify.
 13102 | D:13     | 13102 ||| IDENTIFYING clear potion
 13103 | D:13     | 13103 ||| DROPPING potion of lignification.
 13133 | D:12     | Noticed a boulder beetle
 13139 | D:12     | 13139 ||| INVOKING Berserk.
 13145 | D:12     | Killed a boulder beetle
 13208 | D:12     | 13208 ||| Stepping ~*~*~tactically~*~*~ (stealth).
 13210 | D:12     | 13210 ||| INVOKING Berserk.
 13361 | D:12     | 13361 ||| Stepping ~*~*~tactically~*~*~ (hiding).
 13366 | D:12     | 13366 ||| INVOKING Berserk.
 13541 | D:12     | 13541 ||| READING scroll labelled TATHIYN LUTS.
 13542 | D:12     | 13542 ||| READING 7 scrolls of identify.
 13542 | D:12     | 13542 ||| IDENTIFYING black potion
 13543 | D:12     | 13543 ||| DROPPING potion of ambrosia.
 13687 | D:10     | 13687 ||| READING 5 scrolls of teleportation.
 13689 | D:10     | 13689 ||| Stepping ~*~*~tactically~*~*~ (hiding).
 13899 | D:10     | 13899 ||| Stepping ~*~*~tactically~*~*~ (stealth).
 13905 | D:10     | 13905 ||| Stepping ~*~*~tactically~*~*~ (stealth).
 13910 | D:10     | 13910 ||| INVOKING Berserk.
 14068 | D:10     | Found a staircase to the Orcish Mines.
 14075 | D:10     | 14075 ||| Stepping ~*~*~tactically~*~*~ (stealth).
 14081 | D:10     | 14081 ||| Stepping ~*~*~tactically~*~*~ (hiding).
 14386 | D:10     | Noticed a tengu warrior
 14387 | D:10     | 14387 ||| Stepping ~*~*~tactically~*~*~ (hiding).
 14401 | D:10     | Killed a tengu warrior
 14461 | D:10     | Found the +18 Lear's hauberk
 14496 | D:10     | 14496 ||| INVOKING Berserk.
 14636 | D:10     | Reached skill level 9 in Armour
 14685 | D:10     | 14685 ||| Stepping ~*~*~tactically~*~*~ (hiding).
 14691 | D:10     | 14691 ||| INVOKING Berserk.
 14992 | D:11     | Noticed a five-headed hydra
 14993 | D:11     | 14993 ||| Stepping ~*~*~tactically~*~*~ (stealth).
 14994 | D:11     | 14994 ||| Stepping ~*~*~tactically~*~*~ (stealth).
 14996 | D:11     | 14996 ||| INVOKING Brothers in Arms.
 14999 | D:11     | 14999 ||| SWAPPING to +1 morningstar.
 15001 | D:11     | 15001 ||| INVOKING Brothers in Arms.
 15002 | D:11     | 15002 ||| INVOKING Brothers in Arms.
 15003 | D:11     | 15003 ||| INVOKING Brothers in Arms.
 15004 | D:11     | 15004 ||| INVOKING Brothers in Arms.
 15005 | D:11     | 15005 ||| INVOKING Berserk.
 15008 | D:11     | Killed a five-headed hydra
 15032 | D:11     | 15032 ||| SWAPPING to +2 war axe of freezing.
 15250 | D:11     | 15250 ||| INVOKING Berserk.
 15253 | D:11     | Reached XP level 12. HP: 109/110 MP: 11/11
 15450 | D:11     | Identified the +0 pair of gloves "Kenidd" {rElec}
 15516 | D:11     | 15516 ||| FLEEEEING.
 15517 | D:11     | 15517 ||| FLEEEEING.
 15518 | D:11     | 15518 ||| FLEEEEING.
 15519 | D:11     | 15519 ||| FLEEEEING.
 15520 | D:11     | 15520 ||| FLEEEEING.
 15521 | D:11     | 15521 ||| FLEEEEING.
 15522 | D:11     | 15522 ||| FLEEEEING.
 15523 | D:11     | 15523 ||| FLEEEEING.
 15524 | D:11     | 15524 ||| FLEEEEING.
 15525 | D:11     | 15525 ||| FLEEEEING.
 15526 | D:11     | 15526 ||| FLEEEEING.
 15527 | D:11     | 15527 ||| FLEEEEING.
 15529 | D:11     | 15529 ||| FLEEEEING.
 15530 | D:11     | 15530 ||| FLEEEEING.
 15531 | D:11     | 15531 ||| FLEEEEING.
 15532 | D:11     | 15532 ||| FLEEEEING.
 15533 | D:11     | 15533 ||| STAIRDANCE
 15664 | D:10     | 15664 ||| UPGRADING to +0 pair of gloves "Kenidd" {rElec}.
 15691 | D:11     | 15691 ||| STAIRDANCE
 15826 | D:11     | 15826 ||| STAIRDANCE
 15946 | D:11     | 15946 ||| STAIRDANCE
 16204 | D:11     | Found a staircase to the Lair.
 16434 | D:11     | 16434 ||| PLANNING LAIR
 16480 | Lair:1   | Entered Level 1 of the Lair of Beasts
 16503 | Lair:1   | 16503 ||| Stepping ~*~*~tactically~*~*~ (stealth).
 16579 | Lair:1   | 16579 ||| READING scroll of enchant weapon.
 16579 | Lair:1   | 16579 ||| ENCHANTING +2 war axe of freezing.
 16592 | Lair:1   | Noticed a minotaur
 16597 | Lair:1   | Noticed qw's ghost (journeyman MiBe)
 16603 | Lair:1   | Identified the +12 dagger "Koci" {spect, *Rage rPois
                  | Will+++ MP+9}
 16654 | Lair:1   | Reached skill level 12 in Fighting
 16752 | Lair:1   | Found a runed translucent gate.
 16752 | Lair:1   | Found a runed translucent gate.
 16752 | Lair:1   | Found a runed translucent gate.
 16753 | Lair:1   | Identified the +6 chain mail of the Gate {rF+}
 16810 | Lair:1   | 16810 ||| Stepping ~*~*~tactically~*~*~ (stealth).
 16815 | Lair:1   | 16815 ||| Stepping ~*~*~tactically~*~*~ (stealth).
 16952 | Lair:1   | 16952 ||| INVOKING Berserk.
 17095 | Lair:1   | 17095 ||| INVOKING Berserk.
 17280 | Lair:1   | Noticed Prince Ribbit
 17281 | Lair:1   | 17281 ||| Stepping ~*~*~tactically~*~*~ (stealth).
 17283 | Lair:1   | 17283 ||| INVOKING Berserk.
 17290 | Lair:1   | Killed Prince Ribbit
 17842 | Lair:1   | 17842 ||| UPGRADING to +6 chain mail of the Gate {rF+}.
 17852 | Lair:1   | 17852 ||| DROPPING +0 plate armour.
 17892 | Lair:2   | 17892 ||| Stepping ~*~*~tactically~*~*~ (stealth).
 17897 | Lair:2   | 17897 ||| INVOKING Berserk.
 18048 | Lair:2   | 18048 ||| READING scroll of enchant armour.
 18048 | Lair:2   | 18048 ||| ENCHANTING +0 pair of boots.
 18055 | Lair:2   | 18055 ||| Stepping ~*~*~tactically~*~*~ (hiding).
 18058 | Lair:2   | Found a staircase to the Snake Pit.
 18059 | Lair:2   | 18059 ||| Stepping ~*~*~tactically~*~*~ (hiding).
 18063 | Lair:2   | 18063 ||| Stepping ~*~*~tactically~*~*~ (hiding).
 18069 | Lair:2   | Reached skill level 13 in Fighting
 18086 | Lair:2   | 18086 ||| Stepping ~*~*~tactically~*~*~ (stealth).
 18088 | Lair:2   | 18088 ||| Stepping ~*~*~tactically~*~*~ (stealth).
 18090 | Lair:2   | 18090 ||| Stepping ~*~*~tactically~*~*~ (stealth).
 18092 | Lair:2   | 18092 ||| INVOKING Berserk.
 18118 | Lair:2   | Reached skill level 3 in Throwing
 18132 | Lair:2   | 18132 ||| Stepping ~*~*~tactically~*~*~ (stealth).
 18138 | Lair:2   | 18138 ||| Stepping ~*~*~tactically~*~*~ (stealth).
 18139 | Lair:2   | 18139 ||| Stepping ~*~*~tactically~*~*~ (stealth).
 18370 | Lair:2   | Noticed Nergalle
 18371 | Lair:2   | 18371 ||| Stepping ~*~*~tactically~*~*~ (stealth).
 18377 | Lair:2   | 18377 ||| Stepping ~*~*~tactically~*~*~ (stealth).
 18378 | Lair:2   | 18378 ||| Stepping ~*~*~tactically~*~*~ (stealth).
 18390 | Lair:2   | 18390 ||| Stepping ~*~*~tactically~*~*~ (stealth).
 18394 | Lair:2   | 18394 ||| INVOKING Berserk.
 18396 | Lair:2   | Killed Nergalle
 18493 | Lair:2   | 18493 ||| INVOKING Berserk.
 18620 | Lair:2   | You fall into a shaft and drop 2 floors!
 18674 | Lair:4   | 18674 ||| INVOKING Berserk.
 18709 | Lair:4   | 18709 ||| INVOKING Berserk.
 18713 | Lair:4   | Reached skill level 6 in Dodging
 18870 | Lair:4   | 18870 ||| Stepping ~*~*~tactically~*~*~ (stealth).
 18883 | Lair:4   | Reached skill level 9 in Shields
 18979 | Lair:4   | 18979 ||| Stepping ~*~*~tactically~*~*~ (stealth).
 18982 | Lair:4   | 18982 ||| Stepping ~*~*~tactically~*~*~ (stealth).
 18984 | Lair:4   | 18984 ||| Stepping ~*~*~tactically~*~*~ (stealth).
 18985 | Lair:4   | 18985 ||| Stepping ~*~*~tactically~*~*~ (stealth).
 18986 | Lair:4   | 18986 ||| Stepping ~*~*~tactically~*~*~ (stealth).
 18989 | Lair:4   | 18989 ||| Stepping ~*~*~tactically~*~*~ (stealth).
 19039 | Lair:4   | 19039 ||| INVOKING Berserk.
 19042 | Lair:4   | Reached skill level 14 in Fighting
 19042 | Lair:4   | Reached XP level 13. HP: 124/124 MP: 12/12
 19315 | Lair:4   | Found a staircase to the Slime Pits.
 19336 | Lair:4   | Found a viscous altar of Jiyva.
 19402 | Lair:3   | 19402 ||| Stepping ~*~*~tactically~*~*~ (stealth).
 19403 | Lair:3   | 19403 ||| INVOKING Berserk.
 19414 | Lair:3   | Reached skill level 12 in Armour
 19433 | Lair:3   | 19433 ||| Stepping ~*~*~tactically~*~*~ (stealth).
 19441 | Lair:3   | 19441 ||| FLEEEEING.
 19442 | Lair:3   | 19442 ||| Stepping ~*~*~tactically~*~*~ (stealth).
 19443 | Lair:3   | 19443 ||| FLEEEEING.
 19447 | Lair:3   | 19447 ||| INVOKING Berserk.
 19482 | Lair:3   | 19482 ||| FLEEEEING.
 19483 | Lair:3   | 19483 ||| FLEEEEING.
 19486 | Lair:3   | 19486 ||| STAIRDANCE
 19585 | Lair:2   | 19585 ||| INVOKING Berserk.
 19730 | Lair:2   | 19730 ||| Stepping ~*~*~tactically~*~*~ (stealth).
 19731 | Lair:2   | 19731 ||| Stepping ~*~*~tactically~*~*~ (stealth).
 19732 | Lair:2   | 19732 ||| Stepping ~*~*~tactically~*~*~ (stealth).
 19733 | Lair:2   | 19733 ||| INVOKING Berserk.
 19754 | Lair:2   | 19754 ||| Stepping ~*~*~tactically~*~*~ (stealth).
 19756 | Lair:2   | 19756 ||| Stepping ~*~*~tactically~*~*~ (stealth).
 19760 | Lair:2   | 19760 ||| FLEEEEING.
 19761 | Lair:2   | 19761 ||| FLEEEEING.
 19762 | Lair:2   | 19762 ||| FLEEEEING.
 19763 | Lair:2   | 19763 ||| FLEEEEING.
 19766 | Lair:2   | 19766 ||| STAIRDANCE
 20299 | Lair:2   | 20299 ||| READING scroll labelled ZIOF FUEQAFUYSH.
 20322 | Lair:3   | 20322 ||| Stepping ~*~*~tactically~*~*~ (stealth).
 20328 | Lair:3   | 20328 ||| INVOKING Berserk.
 20334 | Lair:3   | Reached skill level 15 in Fighting
 20460 | Lair:3   | 20460 ||| Stepping ~*~*~tactically~*~*~ (stealth).
 20519 | Lair:3   | Found a staircase to the Swamp.
 20878 | Lair:3   | 20878 ||| INVOKING Berserk.
 21146 | Lair:3   | 21146 ||| READING 12 scrolls of identify.
 21146 | Lair:3   | 21146 ||| IDENTIFYING blue potion
 21172 | Lair:4   | 21172 ||| Stepping ~*~*~tactically~*~*~ (stealth).
 21174 | Lair:4   | 21174 ||| Stepping ~*~*~tactically~*~*~ (stealth).
 21323 | Lair:4   | 21323 ||| INVOKING Berserk.
 21593 | Lair:4   | 21593 ||| Stepping ~*~*~tactically~*~*~ (stealth).
 21595 | Lair:4   | 21595 ||| Stepping ~*~*~tactically~*~*~ (stealth).
 21596 | Lair:4   | 21596 ||| Stepping ~*~*~tactically~*~*~ (stealth).
 21922 | Lair:4   | 21922 ||| Stepping ~*~*~tactically~*~*~ (stealth).
 21967 | Lair:4   | 21967 ||| Stepping ~*~*~tactically~*~*~ (stealth).
 21970 | Lair:4   | 21970 ||| Stepping ~*~*~tactically~*~*~ (stealth).
 21979 | Lair:4   | 21979 ||| INVOKING Berserk.
 22152 | Lair:4   | 22152 ||| FLEEEEING.
 22153 | Lair:4   | 22153 ||| FLEEEEING.
 22154 | Lair:4   | 22154 ||| FLEEEEING.
 22155 | Lair:4   | 22155 ||| FLEEEEING.
 22156 | Lair:4   | 22156 ||| FLEEEEING.
 22157 | Lair:4   | 22157 ||| FLEEEEING.
 22158 | Lair:4   | 22158 ||| FLEEEEING.
 22159 | Lair:4   | 22159 ||| FLEEEEING.
 22160 | Lair:4   | 22160 ||| FLEEEEING.
 22162 | Lair:4   | 22162 ||| FLEEEEING.
 22165 | Lair:4   | 22165 ||| INVOKING Berserk.
 22333 | Lair:5   | Entered Level 5 of the Lair of Beasts
 22337 | Lair:5   | 22337 ||| Stepping ~*~*~tactically~*~*~ (stealth).
 22338 | Lair:5   | 22338 ||| Stepping ~*~*~tactically~*~*~ (stealth).
 22339 | Lair:5   | 22339 ||| INVOKING Berserk.
 22367 | Lair:5   | Reached skill level 16 in Fighting
 22370 | Lair:5   | 22370 ||| FLEEEEING.
 22371 | Lair:5   | 22371 ||| STAIRDANCE
 22406 | Lair:5   | 22406 ||| STAIRDANCE
 22412 | Lair:5   | 22412 ||| STAIRDANCE
 22442 | Lair:5   | 22442 ||| STAIRDANCE
 22468 | Lair:5   | 22468 ||| STAIRDANCE
 22603 | Lair:5   | 22603 ||| INVOKING Berserk.
 22639 | Lair:5   | 22639 ||| STAIRDANCE
 22757 | Lair:5   | 22757 ||| INVOKING Brothers in Arms.
 22758 | Lair:5   | 22758 ||| INVOKING Brothers in Arms.
 22759 | Lair:5   | 22759 ||| INVOKING Brothers in Arms.
 22760 | Lair:5   | 22760 ||| SWAPPING to +1 morningstar.
 22762 | Lair:5   | 22762 ||| INVOKING Berserk.
 22771 | Lair:5   | 22771 ||| SWAPPING to +3 war axe of freezing.
 22931 | Lair:5   | 22931 ||| INVOKING Berserk.
 23056 | Lair:5   | 23056 ||| INVOKING Berserk.
 23165 | Lair:5   | 23165 ||| READING scroll of enchant weapon.
 23165 | Lair:5   | 23165 ||| ENCHANTING +3 war axe of freezing.
 23182 | Lair:5   | 23182 ||| INVOKING Berserk.
 23365 | Lair:5   | 23365 ||| Stepping ~*~*~tactically~*~*~ (stealth).
 23367 | Lair:5   | 23367 ||| Stepping ~*~*~tactically~*~*~ (stealth).
 23568 | Lair:5   | 23568 ||| Stepping ~*~*~tactically~*~*~ (stealth).
 23569 | Lair:5   | 23569 ||| Stepping ~*~*~tactically~*~*~ (stealth).
 23571 | Lair:5   | 23571 ||| Stepping ~*~*~tactically~*~*~ (stealth).
 23572 | Lair:5   | 23572 ||| Stepping ~*~*~tactically~*~*~ (stealth).
 23606 | Lair:5   | 23606 ||| FLEEEEING.
 23607 | Lair:5   | 23607 ||| FLEEEEING.
 23608 | Lair:5   | 23608 ||| FLEEEEING.
 23609 | Lair:5   | 23609 ||| FLEEEEING.
 23610 | Lair:5   | 23610 ||| FLEEEEING.
 23793 | Lair:5   | 23793 ||| INVOKING Berserk.
 23795 | Lair:5   | Reached XP level 14. HP: 138/138 MP: 13/13
 23887 | Lair:5   | 23887 ||| Stepping ~*~*~tactically~*~*~ (stealth).
 23903 | Lair:5   | 23903 ||| Stepping ~*~*~tactically~*~*~ (stealth).
 23909 | Lair:5   | 23909 ||| Stepping ~*~*~tactically~*~*~ (stealth).
 23913 | Lair:5   | Reached skill level 17 in Fighting
 23965 | Lair:5   | 23965 ||| Stepping ~*~*~tactically~*~*~ (stealth).
 23974 | Lair:5   | 23974 ||| Stepping ~*~*~tactically~*~*~ (stealth).
 24048 | Lair:5   | 24048 ||| DRINKING potion of cancellation.
 24086 | Lair:5   | 24086 ||| Stepping ~*~*~tactically~*~*~ (stealth).
 24093 | Lair:5   | 24093 ||| INVOKING Berserk.
 24132 | Lair:5   | 24132 ||| FLEEEEING.
 24133 | Lair:5   | 24133 ||| FLEEEEING.
 24134 | Lair:5   | 24134 ||| FLEEEEING.
 24150 | Lair:5   | 24150 ||| FLEEEEING.
 24151 | Lair:5   | 24151 ||| FLEEEEING.
 24153 | Lair:5   | 24153 ||| FLEEEEING.
 24155 | Lair:5   | 24155 ||| FLEEEEING.
 24156 | Lair:5   | 24156 ||| FLEEEEING.
 24157 | Lair:5   | 24157 ||| STAIRDANCE
 24278 | Lair:5   | 24278 ||| Stepping ~*~*~tactically~*~*~ (stealth).
 24628 | Lair:5   | 24628 ||| Stepping ~*~*~tactically~*~*~ (hiding).
 24659 | Lair:5   | 24659 ||| FLEEEEING.
 24660 | Lair:5   | 24660 ||| FLEEEEING.
 24661 | Lair:5   | 24661 ||| FLEEEEING.
 24662 | Lair:5   | 24662 ||| FLEEEEING.
 24663 | Lair:5   | 24663 ||| FLEEEEING.
 24664 | Lair:5   | 24664 ||| FLEEEEING.
 24812 | Lair:5   | 24812 ||| INVOKING Berserk.
 24992 | Lair:5   | 24992 ||| INVOKING Brothers in Arms.
 24993 | Lair:5   | 24993 ||| INVOKING Brothers in Arms.
 24998 | Lair:5   | 24998 ||| INVOKING Berserk.
 25185 | Lair:5   | 25185 ||| INVOKING Berserk.
 25201 | Lair:5   | Reached skill level 18 in Fighting
 25286 | Lair:5   | 25286 ||| Stepping ~*~*~tactically~*~*~ (hiding).
 25287 | Lair:5   | 25287 ||| Stepping ~*~*~tactically~*~*~ (hiding).
 25288 | Lair:5   | 25288 ||| INVOKING Berserk.
 25507 | Lair:5   | 25507 ||| PLANNING D
 25507 | Lair:5   | 25507 ||| UPGRADING to +1 buckler of protection.
 25517 | Lair:5   | 25517 ||| DROPPING +3 warlock's mirror {reflect}.
 25796 | D:12     | Found a runed translucent gate.
 25796 | D:12     | Found a runed translucent gate.
 25796 | D:12     | Found a runed translucent gate.
 25797 | D:12     | Noticed a fire giant
 25799 | D:12     | Noticed Jidiusir's ghost (novice GrBe)
 25915 | D:12     | 25915 ||| INVOKING Brothers in Arms.
 25916 | D:12     | 25916 ||| INVOKING Brothers in Arms.
 25917 | D:12     | 25917 ||| INVOKING Brothers in Arms.
 25918 | D:12     | 25918 ||| SWAPPING to +1 morningstar.
 25919 | D:12     | 25919 ||| INVOKING Berserk.
 25934 | D:12     | 25934 ||| SWAPPING to +4 war axe of freezing.
 26056 | D:12     | 26056 ||| FLEEEEING.
 26057 | D:12     | 26057 ||| FLEEEEING.
 26065 | D:12     | 26065 ||| INVOKING Berserk.
 26076 | D:12     | Reached skill level 15 in Armour
 26210 | D:12     | 26210 ||| READING 7 scrolls of teleportation.
 26240 | D:12     | 26240 ||| INVOKING Berserk.
 26472 | D:12     | 26472 ||| Stepping ~*~*~tactically~*~*~ (stealth).
 26473 | D:12     | 26473 ||| Stepping ~*~*~tactically~*~*~ (stealth).
 26481 | D:12     | 26481 ||| Stepping ~*~*~tactically~*~*~ (stealth).
 26485 | D:12     | 26485 ||| READING 6 scrolls of teleportation.
 26487 | D:12     | Found Lomu's Armour Shoppe.
 26507 | D:12     | 26507 ||| Stepping ~*~*~tactically~*~*~ (hiding).
 26511 | D:12     | 26511 ||| INVOKING Berserk.
 26729 | D:12     | Reached skill level 9 in Dodging
 26945 | D:12     | 26945 ||| UPGRADING to +0 kite shield.
 26955 | D:12     | 26955 ||| DROPPING +1 buckler of protection.
 26956 | D:12     | 26956 ||| READING scroll labelled QASHUS USMA.
 27166 | D:12     | 27166 ||| READING scroll labelled ORHUQ YREFF.
 27276 | D:13     | 27276 ||| READING scroll of brand weapon.
 27276 | D:13     | 27276 ||| BRANDING +4 war axe of freezing.
 27354 | D:13     | 27354 ||| Stepping ~*~*~tactically~*~*~ (stealth).
 27527 | D:13     | 27527 ||| Stepping ~*~*~tactically~*~*~ (stealth).
 27726 | D:13     | Reached XP level 15. HP: 108/149 MP: 14/14
 27727 | D:13     | 27727 ||| FLEEEEING.
 27728 | D:13     | 27728 ||| FLEEEEING.
 27729 | D:13     | 27729 ||| FLEEEEING.
 27730 | D:13     | 27730 ||| FLEEEEING.
 27731 | D:13     | 27731 ||| FLEEEEING.
 27732 | D:13     | 27732 ||| FLEEEEING.
 27733 | D:13     | 27733 ||| FLEEEEING.
 27734 | D:13     | 27734 ||| FLEEEEING.
 27735 | D:13     | 27735 ||| FLEEEEING.
 27736 | D:13     | 27736 ||| FLEEEEING.
 27737 | D:13     | 27737 ||| FLEEEEING.
 27740 | D:13     | 27740 ||| FLEEEEING.
 27741 | D:13     | 27741 ||| FLEEEEING.
 27743 | D:13     | 27743 ||| FLEEEEING.
 27744 | D:13     | 27744 ||| FLEEEEING.
 27745 | D:13     | 27745 ||| FLEEEEING.
 27746 | D:13     | 27746 ||| FLEEEEING.
 27748 | D:13     | 27748 ||| FLEEEEING.
 27749 | D:13     | 27749 ||| FLEEEEING.
 27750 | D:13     | 27750 ||| FLEEEEING.
 27752 | D:13     | 27752 ||| FLEEEEING.
 27753 | D:13     | 27753 ||| FLEEEEING.
 27755 | D:13     | 27755 ||| FLEEEEING.
 27756 | D:13     | 27756 ||| FLEEEEING.
 27757 | D:13     | 27757 ||| FLEEEEING.
 27759 | D:13     | 27759 ||| FLEEEEING.
 27762 | D:13     | 27762 ||| FLEEEEING.
 27763 | D:13     | 27763 ||| FLEEEEING.
 27764 | D:13     | 27764 ||| FLEEEEING.
 27765 | D:13     | 27765 ||| FLEEEEING.
 27766 | D:13     | 27766 ||| FLEEEEING.
 27767 | D:13     | 27767 ||| FLEEEEING.
 27769 | D:13     | 27769 ||| FLEEEEING.
 27770 | D:13     | 27770 ||| FLEEEEING.
 27771 | D:13     | 27771 ||| FLEEEEING.
 27772 | D:13     | 27772 ||| FLEEEEING.
 27773 | D:13     | 27773 ||| FLEEEEING.
 27774 | D:13     | 27774 ||| FLEEEEING.
 27775 | D:13     | 27775 ||| FLEEEEING.
 27776 | D:13     | 27776 ||| FLEEEEING.
 27777 | D:13     | 27777 ||| FLEEEEING.
 27778 | D:13     | 27778 ||| FLEEEEING.
 27779 | D:13     | 27779 ||| FLEEEEING.
 27781 | D:13     | 27781 ||| FLEEEEING.
 27782 | D:13     | 27782 ||| FLEEEEING.
 27783 | D:13     | 27783 ||| FLEEEEING.
 27784 | D:13     | 27784 ||| FLEEEEING.
 27785 | D:13     | 27785 ||| FLEEEEING.
 27786 | D:13     | 27786 ||| FLEEEEING.
 27787 | D:13     | 27787 ||| FLEEEEING.
 27788 | D:13     | 27788 ||| FLEEEEING.
 27789 | D:13     | 27789 ||| FLEEEEING.
 27790 | D:13     | 27790 ||| FLEEEEING.
 27791 | D:13     | 27791 ||| FLEEEEING.
 27792 | D:13     | 27792 ||| FLEEEEING.
 27793 | D:13     | 27793 ||| FLEEEEING.
 27794 | D:13     | 27794 ||| FLEEEEING.
 27795 | D:13     | 27795 ||| FLEEEEING.
 27797 | D:13     | 27797 ||| FLEEEEING.
 27798 | D:13     | 27798 ||| FLEEEEING.
 27799 | D:13     | 27799 ||| FLEEEEING.
 27800 | D:13     | 27800 ||| FLEEEEING.
 27801 | D:13     | 27801 ||| FLEEEEING.
 27802 | D:13     | 27802 ||| STAIRDANCE
 27932 | D:13     | Reached skill level 12 in Shields
 27990 | D:13     | 27990 ||| Stepping ~*~*~tactically~*~*~ (hiding).
 27991 | D:13     | 27991 ||| Stepping ~*~*~tactically~*~*~ (stealth).
 28047 | D:13     | 28047 ||| SWAPPING to +1 morningstar.
 28048 | D:13     | 28048 ||| INVOKING Berserk.
 28067 | D:13     | 28067 ||| SWAPPING to +4 war axe of chaos.
 28312 | D:13     | 28312 ||| Stepping ~*~*~tactically~*~*~ (hiding).
 28592 | D:13     | Found a gate to the Vaults.
 28714 | D:13     | 28714 ||| READING 17 scrolls of identify.
 28714 | D:13     | 28714 ||| IDENTIFYING silvery potion
 28818 | D:14     | Noticed Nessos
 28834 | D:14     | Killed Nessos
 29158 | D:14     | 29158 ||| Stepping ~*~*~tactically~*~*~ (stealth).
 29163 | D:14     | 29163 ||| Stepping ~*~*~tactically~*~*~ (stealth).
 29185 | D:14     | 29185 ||| INVOKING Berserk.
 29337 | D:14     | 29337 ||| FLEEEEING.
 29338 | D:14     | 29338 ||| FLEEEEING.
 29345 | D:14     | 29345 ||| FLEEEEING.
 29525 | D:14     | Noticed an Executioner
 29540 | D:14     | 29540 ||| READING 5 scrolls of teleportation.
 29566 | D:14     | Found a transporter.
 29571 | D:14     | Noticed a tentacled starspawn
 29584 | D:14     | Found a transporter.
 29584 | D:14     | Found a one-way gate to the infinite horrors of the Abyss.
 29766 | D:14     | Noticed Wopp's ghost (journeyman GrEE)
 30084 | D:15     | Entered Level 15 of the Dungeon
 30135 | D:15     | 30135 ||| SWAPPING to +1 morningstar.
 30136 | D:15     | 30136 ||| INVOKING Berserk.
 30236 | D:15     | 30236 ||| SWAPPING to +4 war axe of chaos.
 30283 | D:15     | 30283 ||| READING scroll of enchant weapon.
 30283 | D:15     | 30283 ||| ENCHANTING +4 war axe of chaos.
 30310 | D:15     | 30310 ||| Stepping ~*~*~tactically~*~*~ (stealth).
 30312 | D:15     | 30312 ||| INVOKING Berserk.
 30474 | D:15     | Found a transporter.
 30474 | D:15     | Found a transporter.
 30474 | D:15     | Noticed Ruudiov's ghost (journeyman DsGl)
 30622 | D:15     | Found a bloodstained altar of Trog.
 30643 | D:15     | 30643 ||| FLEEEEING.
 30644 | D:15     | 30644 ||| FLEEEEING.
 30647 | D:15     | 30647 ||| FLEEEEING.
 30648 | D:15     | 30648 ||| FLEEEEING.
 30649 | D:15     | 30649 ||| FLEEEEING.
 30650 | D:15     | 30650 ||| FLEEEEING.
 30651 | D:15     | 30651 ||| FLEEEEING.
 30652 | D:15     | 30652 ||| FLEEEEING.
 30653 | D:15     | 30653 ||| FLEEEEING.
 30654 | D:15     | 30654 ||| FLEEEEING.
 30655 | D:15     | 30655 ||| FLEEEEING.
 30656 | D:15     | 30656 ||| FLEEEEING.
 30657 | D:15     | 30657 ||| FLEEEEING.
 30658 | D:15     | 30658 ||| FLEEEEING.
 30661 | D:15     | 30661 ||| FLEEEEING.
 30662 | D:15     | 30662 ||| FLEEEEING.
 30663 | D:15     | 30663 ||| FLEEEEING.
 30668 | D:15     | 30668 ||| FLEEEEING.
 30740 | D:15     | 30740 ||| INVOKING Berserk.
 30987 | D:15     | Identified the ring "Niusebe" {Drain *Slow rElec Dex+7
                  | SInv}
 30996 | D:15     | 30996 ||| INVOKING Trog's Hand.
 30999 | D:15     | 30999 ||| INVOKING Berserk.
 31049 | D:15     | Reached skill level 15 in Shields
 31581 | D:15     | Found a staircase to the Depths.
 31581 | D:15     | Noticed a frost giant
 31583 | D:15     | 31583 ||| INVOKING Berserk.
 31588 | D:15     | Killed a frost giant
 31849 | D:15     | 31849 ||| PLANNING ORC
 31849 | D:15     | 31849 ||| UPGRADING to ring "Niusebe" {Drain *Slow rElec
                  | Dex+7 SInv}.
 32010 | Orc:1    | Entered Level 1 of the Orcish Mines
 32013 | Orc:1    | Found Jepp's Distillery.
 32031 | Orc:1    | 32031 ||| BUYING potion of curing (36 gold).
 32031 | Orc:1    | Bought a potion of curing for 36 gold pieces
 32031 | Orc:1    | 32031 ||| BUYING potion of heal wounds (60 gold).
 32031 | Orc:1    | Bought a potion of heal wounds for 60 gold pieces
 32132 | Orc:2    | Entered Level 2 of the Orcish Mines
 32156 | Orc:2    | Noticed an orc warlord
 32156 | Orc:2    | Found a staircase to the Elven Halls.
 32158 | Orc:2    | 32158 ||| STAIRDANCE
 32166 | Orc:2    | 32166 ||| STAIRDANCE
 32219 | Orc:2    | 32219 ||| STAIRDANCE
 32221 | Orc:1    | 32221 ||| INVOKING Berserk.
 32228 | Orc:1    | Killed an orc warlord
 32348 | Orc:2    | 32348 ||| STAIRDANCE
 32420 | Orc:2    | 32420 ||| STAIRDANCE
 32425 | Orc:2    | 32425 ||| INVOKING Berserk.
 32657 | Orc:2    | Found Qaynkim's Overcharged Wands.
 32666 | Orc:2    | 32666 ||| BUYING wand of digging (11) (693 gold).
 32666 | Orc:2    | Bought a wand of digging (11) for 693 gold pieces
 32687 | Orc:2    | Found Arurip's Distillery.
 32690 | Orc:2    | 32690 ||| Stepping ~*~*~tactically~*~*~ (hiding).
 32702 | Orc:2    | 32702 ||| Stepping ~*~*~tactically~*~*~ (hiding).
 32708 | Orc:2    | 32708 ||| Stepping ~*~*~tactically~*~*~ (hiding).
 32714 | Orc:2    | 32714 ||| Stepping ~*~*~tactically~*~*~ (stealth).
 32724 | Orc:2    | Reached ***** piety under Trog
 32734 | Orc:2    | 32734 ||| BUYING potion of curing (33 gold).
 32734 | Orc:2    | Bought a potion of curing for 33 gold pieces
 32734 | Orc:2    | 32734 ||| BUYING potion of curing (33 gold).
 32734 | Orc:2    | Bought a potion of curing for 33 gold pieces
 32734 | Orc:2    | 32734 ||| BUYING potion of curing (33 gold).
 32734 | Orc:2    | Bought a potion of curing for 33 gold pieces
 32734 | Orc:2    | 32734 ||| BUYING potion of haste (110 gold).
 32734 | Orc:2    | Bought a potion of haste for 110 gold pieces
 32734 | Orc:2    | 32734 ||| BUYING potion of mutation (88 gold).
 32734 | Orc:2    | Bought a potion of mutation for 88 gold pieces
 32854 | Orc:2    | 32854 ||| INVOKING Berserk.
 32889 | Orc:2    | Found Jygibo Uddu's Armour Shoppe.
 32889 | Orc:2    | Found Amoely's Antique Armour Emporium.
 32889 | Orc:2    | Found Lecsueq's Antique Armour Emporium.
 32890 | Orc:2    | 32890 ||| INVOKING Trog's Hand.
 32892 | Orc:2    | 32892 ||| Stepping ~*~*~tactically~*~*~ (hiding).
 32896 | Orc:2    | 32896 ||| INVOKING Brothers in Arms.
 32906 | Orc:2    | Found Vaggael's Antique Weapon Shoppe.
 33058 | Orc:2    | 33058 ||| BUYING +2 pair of boots (231 gold).
 33058 | Orc:2    | Bought a +2 pair of boots for 231 gold pieces
 33059 | Orc:2    | 33059 ||| BUYING runed chain mail (210 gold).
 33059 | Orc:2    | Bought a runed chain mail for 210 gold pieces
 33059 | Orc:2    | 33059 ||| BUYING shiny plate armour (728 gold).
 33059 | Orc:2    | Bought a shiny plate armour for 728 gold pieces
 33384 | Orc:2    | 33384 ||| DROPPING +2 chain mail of poison resistance.
 33385 | Orc:2    | 33385 ||| DROPPING +3 plate armour.
 33386 | Orc:2    | 33386 ||| UPGRADING to +2 pair of boots.
 33396 | Orc:2    | 33396 ||| DROPPING +1 pair of boots.
 33397 | Orc:2    | 33397 ||| DROPPING +0 chain mail of positive energy.
 33497 | Orc:1    | 33497 ||| Stepping ~*~*~tactically~*~*~ (hiding).
 33498 | Orc:1    | 33498 ||| INVOKING Trog's Hand.
 33500 | Orc:1    | 33500 ||| INVOKING Berserk.
 33539 | Orc:1    | 33539 ||| INVOKING Brothers in Arms.
 33732 | Orc:1    | 33732 ||| Stepping ~*~*~tactically~*~*~ (hiding).
 33736 | Orc:1    | Noticed Snorg
 33737 | Orc:1    | 33737 ||| INVOKING Brothers in Arms.
 33742 | Orc:1    | 33742 ||| INVOKING Trog's Hand.
 33746 | Orc:1    | Killed Snorg
 33749 | Orc:1    | 33749 ||| INVOKING Berserk.
 33863 | Orc:1    | You fall into a shaft and drop 1 floor!
 33905 | Orc:1    | 33905 ||| PLANNING SNAKE:1-3
 34011 | Snake:1  | Entered Level 1 of the Snake Pit
 34240 | Snake:1  | Found a runed translucent door.
 34240 | Snake:1  | Found a shimmering altar of Xom.
 34240 | Snake:1  | Noticed qw's ghost (adept GrFi)
 34240 | Snake:1  | Identified the +8 war axe of the Demagogue {chaos, rElec
                  | rC+ rN+ Dex+2}
 34311 | Snake:1  | 34311 ||| Stepping ~*~*~tactically~*~*~ (stealth).
 34324 | Snake:1  | 34324 ||| Stepping ~*~*~tactically~*~*~ (hiding).
 34325 | Snake:1  | 34325 ||| Stepping ~*~*~tactically~*~*~ (hiding).
 34339 | Snake:1  | 34339 ||| INVOKING Berserk.
 34388 | Snake:1  | 34388 ||| Stepping ~*~*~tactically~*~*~ (stealth).
 34465 | Snake:1  | Reached XP level 16. HP: 88/157 MP: 15/15
 34608 | Snake:1  | 34608 ||| Stepping ~*~*~tactically~*~*~ (stealth).
 34625 | Snake:1  | 34625 ||| Stepping ~*~*~tactically~*~*~ (stealth).
 34831 | Snake:1  | 34831 ||| Stepping ~*~*~tactically~*~*~ (hiding).
 34979 | Snake:1  | 34979 ||| Stepping ~*~*~tactically~*~*~ (stealth).
 34980 | Snake:1  | 34980 ||| Stepping ~*~*~tactically~*~*~ (stealth).
 34982 | Snake:1  | 34982 ||| Stepping ~*~*~tactically~*~*~ (hiding).
 35050 | Snake:1  | 35050 ||| Stepping ~*~*~tactically~*~*~ (stealth).
 35058 | Snake:1  | 35058 ||| Stepping ~*~*~tactically~*~*~ (stealth).
 35061 | Snake:1  | 35061 ||| Stepping ~*~*~tactically~*~*~ (stealth).
 35107 | Snake:1  | 35107 ||| INVOKING Berserk.
 35121 | Snake:1  | 35121 ||| Stepping ~*~*~tactically~*~*~ (stealth).
 35176 | Snake:1  | 35176 ||| Stepping ~*~*~tactically~*~*~ (hiding).
 35184 | Snake:1  | 35184 ||| INVOKING Berserk.
 35189 | Snake:1  | Reached skill level 12 in Dodging
 35198 | Snake:1  | 35198 ||| Stepping ~*~*~tactically~*~*~ (stealth).
 35223 | Snake:1  | 35223 ||| Stepping ~*~*~tactically~*~*~ (stealth).
 35251 | Snake:1  | 35251 ||| Stepping ~*~*~tactically~*~*~ (stealth).
 35253 | Snake:1  | 35253 ||| Stepping ~*~*~tactically~*~*~ (hiding).
 35362 | Snake:1  | 35362 ||| Stepping ~*~*~tactically~*~*~ (stealth).
 35392 | Snake:1  | 35392 ||| Stepping ~*~*~tactically~*~*~ (stealth).
 35418 | Snake:1  | 35418 ||| Stepping ~*~*~tactically~*~*~ (stealth).
 35553 | Snake:1  | Found a transporter.
 35581 | Snake:1  | 35581 ||| Stepping ~*~*~tactically~*~*~ (stealth).
 35609 | Snake:1  | Identified the +10 flail "Sagu" {pain, +Blink}
 35785 | Snake:1  | 35785 ||| READING 2 scrolls of enchant armour.
 35785 | Snake:1  | 35785 ||| ENCHANTING +0 cloak.
 35786 | Snake:1  | 35786 ||| READING scroll of enchant armour.
 35786 | Snake:1  | 35786 ||| ENCHANTING +1 cloak.
 35833 | Snake:1  | 35833 ||| INVOKING Berserk.
 35833 | Snake:1  | HP: 59/238 [salamander/+2 trident (19)]
 35840 | Snake:1  | HP: 9/238 [naga warrior/+0 flail (24)]
 35841 | Snake:1  | Annihilated by a naga warrior

Levels and vault maps discovered:
D:1:      reono_arrival_mine, layout_loops_corners,
          hellmonk_ecumenical_altar_blasted
D:2:      layout_basic
D:3:      layout_basic, nicolae_qazlal_scattered_showers, hex_medium,
          chequers_serial_rivers_large_a, serial_bayou_pond_c
D:4:      layout_basic, serial_shops, nicolae_diamond_shop
D:5:      layout_basic, lemuel_coloured_pillars_altar,
          minmay_temple_entry_glassed_door, grunt_ministairs_14,
          nicolae_shop_firing_range
D:6:      layout_loops_ring, gammafunk_ghost_necromancy, reono_crystal_passage,
          uniq_menkaure
D:7:      layout_loops_ring
D:8:      wander_river, layout_rooms, amcnicky_mini_corridor_feature,
          nicolae_elemental_shop, minmay_misc_feat_rows, uniq_psyche
D:9:      layout_irregular_city, nicolae_vehumet_radiance,
          kennysheep_little_box, hangedman_misty_isle, uniq_maggie
D:10:     layout_roguey, erik_orc_3, serial_glass, glass_columns_c,
          glass_columns_b, gammafunk_ghost_ooze, hellmonk_guarded_unrand_lears
D:11:     layout_gridville, grunt_lair_entry_orc_guard_hut
D:12:     layout_irregular_city, gammafunk_ghost_split, serial_shops, shop,
          minmay_shattered_shrine
D:13:     layout_loops_corners, david_vaults_1, portal_ice_cave_demonic_guard
D:14:     layout_basic, serial_glass, glass_columns_a, glass_columns_b,
          gammafunk_ghost_abyssal_escape, uniq_nessos
D:15:     grunt_enter_depths_snipers, layout_loops_corners,
          gammafunk_ghost_hive, bloody_trog
Lair:1:   layout_chaotic_city, maelrawn_ghost_gauntlet_escape, st_stairs_7,
          grunt_megastairs_2, infiniplex_staircase_pool_2, serial_bayou_shore_a,
          uniq_prince_ribbit2
Lair:2:   layout_chaotic_city, guppyfry_snake_entry_garden, uniq_nergalle
Lair:3:   layout_long_grid, swamp_mist, serial_bayou_lagoon_a
Lair:4:   layout_long_grid, nicolae_slime_entry_slimehenge, roderic_batcave,
          st_stairs_8, forest_entry_grove
Lair:5:   due_jungle_book, layout_regular_city, kilobyte_rumbling_trees,
          lemuel_fruit_tree, grunt_megastairs_1
Snake:1:  gammafunk_sealed_arena, layout_layer_cave, serial_bayou,
          serial_bayou_lake_a, serial_bayou_pond_b, serial_bayou_crossing,
          serial_bayou_lagoon_b, ebering_ghost_xom
Orc:1:    layout_diamond_mine, serial_shops, shop_statue, bloody_makhleb,
          uniq_snorg
Orc:2:    st_orc_mages, layout_diamond_mine, serial_shops, nicolae_diamond_shop,
          nicolae_shop_overcharged_wands

Skill      XL: |  1  2  3  4  5  6  7  8  9 10 11 12 13 14 15 16 |
---------------+-------------------------------------------------+-----
Axes           | 4 5 6 7 8 10 12 13 14 16 | 16.2
Shields        | 1 2 3 4 5 7 9 10 11 16 | 16.5
Throwing       | 1 2 3 4 |  4.0
Fighting       | 4 5 6 8 10 11 14 16 18 | 18.6
Armour         | 3 4 5 7 10 11 13 15 | 15.1
Dodging        | 4 6 7 9 11 12 | 12.0

Action                   |  1- 3 |  4- 6 |  7- 9 | 10-12 | 13-15 | 16-18 || total
-------------------------+-------+-------+-------+-------+-------+-------++-------
Melee: Hand axe          |   111 |    92 |   276 |   215 |       |       ||   694
       Headbutt          |     9 |    11 |    38 |   120 |   308 |    33 ||   519
       Punch             |     1 |       |       |       |       |       ||     1
       War axe           |       |       |       |   424 |  1165 |   149 ||  1738
       Morningstar       |       |       |       |     3 |    33 |       ||    36
Throw: Javelin           |     6 |    32 |    32 |       |       |       ||    70
       Boomerang         |       |       |    12 |    87 |     9 |    12 ||   120
Invok: Berserk           |     1 |     5 |    15 |    27 |    38 |     3 ||    89
       Trog's Hand       |       |       |       |     5 |     4 |       ||     9
       Brothers in Arms  |       |       |       |     2 |     7 |       ||     9
  Use: Scroll            |     4 |     7 |     3 |    13 |    11 |     2 ||    40
       Potion            |     1 |     2 |     1 |     2 |     1 |       ||     7
 Stab: Confused          |       |       |       |     1 |     1 |       ||     2
       Distracted        |       |       |       |       |     1 |       ||     1
Armor: Animal skin       |     8 |       |       |       |       |       ||     8
       Ring mail         |    18 |     4 |       |       |       |       ||    22
       Chain mail        |       |    22 |    68 |    87 |   357 |    44 ||   578
       Plate armour      |       |       |       |    50 |       |       ||    50
Dodge: Dodged            |    54 |    22 |    56 |   111 |   307 |    34 ||   584
Block: Buckler           |     9 |    55 |   119 |   285 |   282 |       ||   750
       Reflection        |       |     3 |     5 |    28 |    41 |     6 ||    83
       Kite shield       |       |       |       |       |   434 |   101 ||   535

Table legend:
 A = Non-vault XP
 B = Vault XP
 C = Vault XP percentage of total XP
 D = Non-vault monster count
 E = Vault monster count
 F = Vault count percentage of total count
                 A         B        C        D         E       F
            +---------+---------+-------+---------+---------+-------
      Total |  122700 |   48181 |  28.2 |     605 |     186 |  23.5
            +---------+---------+-------+---------+---------+-------
        D:1 |      32 |       0 |   0.0 |      21 |       0 |   0.0
        D:2 |      65 |       0 |   0.0 |      24 |       0 |   0.0
        D:3 |     131 |       0 |   0.0 |      23 |       0 |   0.0
        D:4 |     213 |       0 |   0.0 |      19 |       0 |   0.0
        D:5 |    1088 |     137 |  11.2 |      23 |       5 |  17.9
        D:6 |    1809 |     169 |   8.5 |      31 |       1 |   3.1
        D:7 |    1656 |       0 |   0.0 |      22 |       0 |   0.0
        D:8 |    2088 |     391 |  15.8 |      24 |       1 |   4.0
        D:9 |    1509 |    1224 |  44.8 |      27 |       7 |  20.6
       D:10 |    1936 |    1194 |  38.1 |      18 |      17 |  48.6
       D:11 |    2604 |     623 |  19.3 |       7 |       4 |  36.4
       D:12 |    5614 |    7460 |  57.1 |      10 |      15 |  60.0
       D:13 |    7931 |    2563 |  24.4 |      18 |       5 |  21.7
       D:14 |    8628 |     939 |   9.8 |      20 |       1 |   4.8
       D:15 |    9015 |    2893 |  24.3 |      32 |       3 |   8.6
     Lair:1 |    4454 |    1514 |  25.4 |      23 |       7 |  23.3
     Lair:2 |    5605 |    1232 |  18.0 |      23 |       4 |  14.8
     Lair:3 |    6143 |       0 |   0.0 |      14 |       0 |   0.0
     Lair:4 |   10788 |    2522 |  18.9 |      40 |      27 |  40.3
     Lair:5 |   14307 |   18101 |  55.9 |      43 |      45 |  51.1
    Snake:1 |   24418 |     789 |   3.1 |      50 |       1 |   2.0
      Orc:1 |    7511 |     936 |  11.1 |      56 |       1 |   1.8
      Orc:2 |    2332 |    5494 |  70.2 |      25 |      42 |  62.7
    Abyss:1 |    2823 |       0 |   0.0 |      12 |       0 |   0.0
            +---------+---------+-------+---------+---------+-------
